 Dungeon Crawl Stone Soup version 0.27-a0-29-g2d0a2396b0 (webtiles) character file.

Game seed: 153090946057281592

132 pkoi the Insei (level 4, -3/38 HPs)
             Began as a Draconian Monk on Jan 4, 2021.
             Splashed by Ijyb's acid (12 damage)
             ... on level 4 of the Dungeon.
             The game lasted 00:02:08 (2161 turns).

pkoi the Insei (Draconian Monk)                     Turns: 2161, Time: 00:02:08

Health: -3/38      AC:  4    Str: 13    XL:     4   Next: 92%
Magic:  4/4        EV: 13    Int: 11    God:
Gold:   132        SH:  0    Dex: 14    Spells: 3/3 levels left

rFire    . . .     SeeInvis .     - Unarmed
rCold    . . .     Faith    .   (no shield)
rNeg     . . .     Spirit   .   (armour unavailable)
rPois    .         Reflect  .   (helmet restricted)
rElec    .         Harm     .   (no cloak)
rCorr    .         Rampage  .   d - +2 pair of gloves
Will     .....                  (no boots)
Stlth    +++.......             (no amulet)
HPRegen  0.12/turn              (no ring)
MPRegen  0.09/turn              j - ring of stealth

@: corroded
A: unfitting armour, cold-blooded, AC +5
a: no special abilities


You were on level 4 of the Dungeon.
You visited 1 branch of the dungeon, and saw 4 of its levels.

You collected 132 gold pieces.

Inventory:

Missiles
 e - 13 poisoned darts (quivered)
Armour
 d - a +2 pair of gloves (worn)
Jewellery
 i - an uncursed ring of ice
 j - a ring of stealth (right hand)
Scrolls
 b - 2 scrolls of remove curse
 h - 2 scrolls of teleportation {unknown}
 l - 3 scrolls of identify
 o - a scroll of noise {unknown}
 p - a scroll of fog {unknown}
Potions
 a - a potion of resistance {unknown}
 c - 2 potions of haste
 f - a potion of might
 g - a potion of ambrosia {unknown}
 k - a potion of brilliance {unknown}
 m - a potion of cancellation {unknown}
 n - a potion of flight {unknown}


   Skills:
 - Level 3.2 Fighting
 - Level 2.6 Dodging
 - Level 1.7 Stealth
 + Level 5.7 Unarmed Combat


You had 3 spell levels left.
You didn't know any spells.
Your spell library was empty.

Dungeon Overview and Level Annotations

Branches:
Dungeon (4/15)
 Temple: D:4-7

Altars:
Fedhas
Hepliaklqana
Okawaru
Sif Muna
Vehumet

Annotations:
D:4 Ijyb, Natasha


Innate Abilities, Weirdness & Mutations

Your plain brown scales are hard. (AC +5)
You cannot fit into any form of body armour.
You are cold-blooded and may be slowed by cold attacks.


Message History

You are too injured to fight recklessly!
You are too injured to fight recklessly!
You are too injured to fight recklessly!
You are too injured to fight recklessly!
Unknown command.
Ijyb screams, "Me kill you!" The hound bites you but does no damage.
The hound barely misses you. The hound closely misses you.
The hound stops to sniff the ground.
The hound bites you. The hound bites you but does no damage.
The hound barely misses you.
You see here 16 stones.
Ijyb grins evilly.
The hound barely misses you.
Ijyb zaps a wand.
The bolt of acid hits you!
* * * LOW HITPOINT WARNING * * *
The acid corrodes you!
You are splashed with acid!
You die...

#...# ##.## #.# #.#
#.# #.##### #.#
#.....# #.# #####.#
###.########.#
#....@gh(....###
##.....#..........#
#<.......########.#
#......#.#
#.....##.#
#..#.###.# #..###
#.# #..# #.# #.#
#..#####.# #.#


You could see Ijyb (fast) and a hound.

Vanquished Creatures
  A bullfrog zombie (D:3)
  2 adders (D:2)
  An ooze (D:2)
  2 adder skeletons (D:4)
  A dart slug (D:3)
  A leopard gecko (D:1)
  An orc (D:3)
  2 ball pythons
  7 bats
  8 giant cockroaches
  10 hobgoblins
  2 quokkas
  5 frilled lizards
  5 goblins
  9 kobolds
  6 rats
63 creatures vanquished.

Notes
Turn   | Place    | Note
-------+----------+-------------------------------------------
     0 | D:1      | pkoi the Draconian Monk began the quest for the Orb.
     0 | D:1      | Reached XP level 1. HP: 19/19 MP: 1/1
   206 | D:1      | Reached XP level 2. HP: 25/26 MP: 2/2
   537 | D:1      | Reached skill level 4 in Unarmed Combat
   766 | D:2      | Reached XP level 3. HP: 29/31 MP: 3/3
   939 | D:2      | Found a radiant altar of Vehumet.
  1031 | D:2      | Found a hazy altar of Hepliaklqana.
  1031 | D:2      | Found an iron altar of Okawaru.
  1205 | D:2      | Reached XP level 4. HP: 32/38 MP: 4/4
  1476 | D:3      | Reached skill level 5 in Unarmed Combat
  1820 | D:3      | Found a blossoming altar of Fedhas.
  1966 | D:3      | Found a shimmering blue altar of Sif Muna.
  2140 | D:4      | Noticed Ijyb
  2143 | D:4      | Noticed Natasha
  2161 | D:4      | Splashed by Ijyb's acid

Illustrated notes

Levels and vault maps discovered:
D:1:      nicolae_arrival_washed_ashore, layout_rooms, minmay_pentomino_r2
D:2:      layout_basic, vehumet_crystals,
          chequers_temple_overflow_statue_of_worship
D:3:      layout_rooms, led_sif_pool, serial_park_tiny_2, fedhas_altar_1
D:4:      layout_loops_ring, serial_shops, nicolae_shop_crystal, uniq_natasha,
          uniq_grinder, uniq_ijyb

Skill      XL: |  1  2  3  4 |
---------------+-------------+-----
Unarmed Combat | 4 5 |  5.7
Fighting       | |  3.2
Dodging        | |  2.6
Stealth        | |  1.7

Action                   |  1- 3 |  4- 6 || total
-------------------------+-------+-------++-------
Melee: Unarmed           |   127 |    64 ||   191
       Tailslap          |    10 |    10 ||    20
       Punch             |     2 |     1 ||     3
  Use: Scroll            |     2 |       ||     2
 Stab: Sleeping          |     3 |     7 ||    10
Armor: Skin              |    28 |    27 ||    55
Dodge: Dodged            |    73 |    38 ||   111

Table legend: (Time is in decaauts)
 A = Elapsed time spent in this place.
 B = Non-inter-level travel time spent in this place.
 C = Inter-level travel time spent in this place.
 D = Time resting spent in this place.
 E = Time spent auto-exploring this place.
 F = Levels seen in this place.
 G = Mean time per level.
                   A        B        C        D        E       F      G
               +--------+--------+--------+--------+--------+-----+--------+
         Total |   2144 |   2085 |     59 |      0 |   1604 |   4 |  536.0 |
       Dungeon |   2144 |   2085 |     59 |      0 |   1604 |   4 |  536.0 |
               +--------+--------+--------+--------+--------+-----+--------+

Top non-repeatable levels by time:
     D:2: 749 daAuts
     D:1: 708 daAuts
     D:3: 575 daAuts
     D:4: 110 daAuts
